 Dungeon Crawl Stone Soup version 0.23.1-37-gaa34b87b72 (webtiles) character file.

Game seed: 0

2943 Ivernyr the Destroyer (level 9, 0/47 HPs)
             Began as a Vine Stalker Wizard on Mar 16, 2019.
             Was an Elder of Cheibriados.
             Slain by a bullfrog (4 damage)
             ... on level 8 of the Dungeon on Mar 24, 2019.
             The game lasted 00:43:40 (8268 turns).

Ivernyr the Destroyer (Vine Stalker Wizard)         Turns: 8268, Time: 00:43:40

Health: 0/47       AC:  5    Str: 18    XL:     9   Next: 80%
Magic:  0/20       EV: 14    Int: 34    God:    Cheibriados [****..]
Gold:   1117       SH:  0    Dex: 23    Spells: 12/21 levels left

rFire    + . .     SeeInvis .   k - +5 scimitar
rCold    + . .     Gourm    .   (no shield)
rNeg     . . .     Faith    .   a - +2 robe {rC+ rF+}
rPois    .         Spirit   +   b - +0 hat
rElec    .         Reflect  .   (no cloak)
rCorr    .         Harm     .   w - +0 pair of gloves
MR       +....                  (no boots)
Stlth    +++.......             (no amulet)
HPRegen  0.55/turn              A - +4 ring of intelligence
MPRegen  0.17/turn              (no ring)

@: very slow
A: fangs 3, regeneration 1, magic shield, antimagic bite, no potion heal 3, rot
immunity
a: Bend Time, Temporal Distortion, Slouch, Renounce Religion


You were on level 8 of the Dungeon.
You worshipped Cheibriados.
Cheibriados was greatly pleased with you.
You were hungry.

You visited 2 branches of the dungeon, and saw 9 of its levels.
You also visited: Bailey.

You collected 1117 gold pieces.

Inventory:

Hand Weapons
 k - a +5 scimitar (weapon)
Missiles
 p - 2 tomahawks (quivered)
Armour
 a - a +2 robe of resistance (worn)
 b - a +0 hat (worn)
 w - a +0 pair of gloves (worn)
Jewellery
 A - a +4 ring of intelligence (left hand)
Wands
 n - a wand of iceblast (19)
 y - a wand of digging (2)
Scrolls
 c - 8 scrolls of identify {unknown}
 e - 5 scrolls of teleportation {unknown}
 h - a scroll of remove curse {unknown}
 j - 2 scrolls of random uselessness {unknown}
 m - a scroll of immolation {unknown}
 q - 3 scrolls of enchant armour {unknown}
 t - a scroll of noise {unknown}
 v - 2 scrolls of magic mapping {unknown}
 x - a scroll of fear {unknown}
 z - 2 scrolls of enchant weapon {unknown}
 B - 2 scrolls of holy word {unknown}
 C - a scroll of amnesia {unknown}
Potions
 f - 3 potions of lignification {unknown}
 g - a potion of magic {unknown}
 i - a potion of heal wounds {unknown}
 l - 3 potions of cancellation {unknown}
 o - 5 potions of curing {unknown}
 r - a potion of might {unknown}
 s - a potion of berserk rage {unknown}
 u - a potion of haste {unknown}
Comestibles
 d - 15 rations


   Skills:
 + Level 5.2 Fighting
 - Level 3.0 Dodging
 - Level 2.4 Stealth
 + Level 6.9 Spellcasting
 * Level 8.3 Conjurations
   Level 1.0 Summonings
 - Level 1.0 Translocations
 + Level 4.6 Invocations


You had 12 spell levels left.
You knew the following spells:

 Your Spells              Type           Power        Failure   Level  Hunger
a - Magic Dart            Conj           ####         1%          1    None
b - Blink                 Tloc           N/A          3%          2    None
c - Conjure Flame         Conj/Fire      #####...     1%          3    None
d - Mephitic Cloud        Conj/Pois/Air  ####....     3%          3    None

Your spell library contained the following spells:

 Spells                   Type           Power        Failure   Level  Hunger
 Call Imp                 Summ           ###.....     3%          2    None
 Slow                     Hex            ##......     5%          2    None


Dungeon Overview and Level Annotations

Branches:
Dungeon (8/15)             Temple (1/1) D:4
   Lair: D:8-11

Altars:
Ashenzari
Cheibriados
Dithmenos
Elyvilon
Hepliaklqana
Okawaru
Sif Muna
Trog
Uskayaw
The Shining One


Innate Abilities, Weirdness & Mutations

You have razor-sharp teeth.
Your natural rate of healing is unusually fast.
When hurt, damage is shared between your health and your magic reserves.
Your bite disrupts and absorbs the magic of your enemies.
Potions cannot restore your health.
You are immune to rotting.


Message History

Okay, then.
Okay, then.
Found 13 gold pieces.
You slash the bullfrog! You bite the bullfrog. You drain its power.
You feel invigorated.
The bullfrog is heavily wounded.
The bullfrog barely misses you. The bullfrog misses you.
You hit the bullfrog. Your bite misses the bullfrog.
The bullfrog is heavily wounded.
The bullfrog hits you!
* * * LOW HITPOINT WARNING * * *
The bullfrog misses you.
You riposte.
You barely miss the bullfrog. Your bite misses the bullfrog.
The bullfrog is heavily wounded.
The orc hits you from afar with a +0 trident.
* * * LOW HITPOINT WARNING * * *
You barely miss the bullfrog. Your bite misses the bullfrog.
The bullfrog is heavily wounded.
The bullfrog hits you.
You die...

................#.#
.....>............
...............
.##.>.........#
.)###..[.......##
.......[$<[......
.......#).##o..##
.............F..###...
.........##...@....)..
......>...#..##.......
8.......?....# #......
........##.... ......
.8..........## .....
.....####... #....
#... ...$ ...


You could see a bullfrog and an orc.

Vanquished Creatures
  Prince Ribbit (D:7)
  Grinder (D:4)
  Edmund (D:5)
  Duvessa (D:6)
  A sky beast (D:6)
  An ice beast (D:7)
  4 orc warriors (Bailey)
  A phantom (D:6)
  2 ogres
  2 centaurs
  A bullfrog (D:7)
  Dowan (D:6)
  A wyvern skeleton (D:6)
  4 wights
  2 howler monkeys (D:7)
  A bullfrog zombie (D:6)
  A crimson imp (D:5)
  A quasit (D:6)
  2 jellies (D:5)
  2 hounds (D:7)
  A bullfrog skeleton (D:5)
  A centaur skeleton (D:7)
  4 orc priests
  7 orc wizards
  3 iguanas
  A worker ant (D:4)
  7 gnolls
  9 adders
  2 oozes
  An adder zombie (D:7)
  An adder skeleton (D:4)
  2 worms (D:2)
  3 dart slugs
  8 leopard geckos
  36 orcs
  A ball python (D:3)
  6 bats
  6 giant cockroaches
  8 goblins
  4 hobgoblins
  4 jackals (D:6)
  2 quokkas (D:4)
  3 frilled lizards
  A jackal skeleton (D:4)
  15 kobolds
  2 leopard gecko skeletons
  A quokka skeleton (D:7)
  A quokka zombie (D:5)
  6 rats
177 creatures vanquished.

Vanquished Creatures (others)
  An orc (D:7)
1 creature vanquished.

Grand Total: 178 creatures vanquished

Notes
Turn   | Place    | Note
-------+----------+-------------------------------------------
     0 | D:1      | Ivernyr the Vine Stalker Wizard began the quest for the
                  | Orb.
     0 | D:1      | Reached XP level 1. HP: 9/9 MP: 5/5
   202 | D:1      | Reached XP level 2. HP: 14/14 MP: 5/7
   206 | D:1      | Learned a level 2 spell: Blink
   874 | D:1      | Reached XP level 3. HP: 14/17 MP: 1/9
   928 | D:1      | Learned a level 3 spell: Conjure Flame
   932 | D:1      | Learned a level 3 spell: Mephitic Cloud
   992 | D:2      | Reached skill level 2 in Conjurations
  1233 | D:2      | Reached skill level 1 in Fighting
  2487 | D:3      | Gained mutation: Your natural rate of healing is unusually
                  | fast. [Vine Stalker growth]
  2487 | D:3      | Reached XP level 4. HP: 22/22 MP: 8/10
  2537 | D:3      | Upgraded the game from 0.23.1 to 0.23.1-37-gaa34b87b72
  3228 | D:3      | Reached XP level 5. HP: 25/25 MP: 7/11
  3303 | D:3      | Reached skill level 3 in Conjurations
  3899 | D:4      | Noticed Grinder
  3908 | D:4      | Paralysed by Grinder for 3 turns
  3920 | D:4      | Killed Grinder
  3920 | D:4      | Reached skill level 4 in Conjurations
  3920 | D:4      | Reached XP level 6. HP: 22/31 MP: 8/13
  4098 | D:4      | Found a staircase to the Ecumenical Temple.
  4107 | Temple   | Entered the Ecumenical Temple
  4213 | Temple   | Became a worshipper of Cheibriados the Contemplative
  4734 | D:5      | Entered Level 5 of the Dungeon
  4871 | D:5      | Noticed Edmund
  4882 | D:5      | Killed Edmund
  4882 | D:5      | Reached XP level 7. HP: 31/35 MP: 4/15
  5161 | D:5      | Reached skill level 5 in Spellcasting
  5161 | D:5      | Reached skill level 5 in Conjurations
  5161 | D:5      | Reached skill level 1 in Invocations
  5708 | D:6      | Reached * piety under Cheibriados
  5717 | D:6      | Gained mutation: You have razor-sharp teeth. [Vine Stalker
                  | growth]
  5717 | D:6      | Reached XP level 8. HP: 26/40 MP: 8/16
  5899 | D:6      | Found an iron altar of Okawaru.
  5961 | D:6      | Noticed Duvessa
  5961 | D:6      | Noticed Dowan
  5976 | D:6      | Killed Duvessa
  5981 | D:6      | Killed Dowan
  6163 | D:6      | Reached skill level 6 in Conjurations
  6660 | D:6      | Reached ** piety under Cheibriados
  7017 | D:7      | Found a flagged portal.
  7026 | Bailey   | Entered a bailey
  7145 | Bailey   | Reached skill level 7 in Conjurations
  7145 | Bailey   | Reached XP level 9. HP: 46/46 MP: 14/19
  7283 | Bailey   | Found a burning altar of Makhleb.
  7504 | D:7      | Noticed Prince Ribbit
  7523 | D:7      | Killed Prince Ribbit
  7523 | D:7      | Reached *** piety under Cheibriados
  7742 | D:7      | Reached skill level 5 in Fighting
  7742 | D:7      | Reached skill level 8 in Conjurations
  8256 | D:8      | Reached **** piety under Cheibriados
  8268 | D:8      | Slain by a bullfrog

Skill      XL: |  1  2  3  4  5  6  7  8  9 |
---------------+----------------------------+-----
Conjurations   | 2 4 5 7 8 |  8.3
Fighting       | 1 2 3 4 5 |  5.2
Dodging        | 2 3 |  3.0
Spellcasting   | 4 5 6 |  6.9
Invocations    | 1 3 4 |  4.6
Stealth        | |  2.4
Summonings     | |  1.0
Translocations | |  1.0

Action                   |  1- 3 |  4- 6 |  7- 9 || total
-------------------------+-------+-------+-------++-------
Melee: Long sword        |    13 |    54 |   175 ||   242
       Bite              |     5 |     9 |    95 ||   109
       Whip              |     5 |       |       ||     5
       Scimitar          |       |       |    23 ||    23
Throw: Tomahawk          |     4 |       |     1 ||     5
 Cast: Magic Dart        |    82 |    96 |   129 ||   307
       Mephitic Cloud    |       |     3 |    16 ||    19
       Conjure Flame     |       |     1 |    15 ||    16
       Blink             |       |       |    16 ||    16
 Stab: Confused          |       |     4 |    12 ||    16
       Sleeping          |       |       |     1 ||     1
  Eat: Chunk             |     4 |     6 |     6 ||    16
       Ration            |       |     1 |       ||     1
Armor: Robe              |     3 |     9 |    46 ||    58
Dodge: Dodged            |    14 |    45 |   205 ||   264
       Rpst.: Long sword |     3 |    10 |    52 ||    65
       Scimitar          |       |       |    10 ||    10
